 Dungeon Crawl Stone Soup version 0.30-a0-591-g3c58d2bc28 (webtiles) character file.

Game seed: 15892887229910338187

8 Shayle the Conjurer (level 2, 20/22 HPs)
             Began as a Demonspawn Reaver on Jan 5, 2023.
             Quit the game on level 1 of the Dungeon.
             The game lasted 00:00:31 (165 turns).

Shayle the Conjurer (Demonspawn Reaver)              Turns: 165, Time: 00:00:32

Health: 20/22      AC:  3    Str: 12    XL:     2   Next: 0%
Magic:  5/5        EV: 11    Int: 14    God:
Gold:   39         SH:  0    Dex: 11    Spells: 4/5 levels left

rFire   . . .      SeeInvis .    a - +0 spear
rCold   . . .      Faith    .    (no shield)
rNeg    . . .      Spirit   .    b - +0 leather armour
rPois   .          Reflect  .    (helmet restricted)
rElec   .          Harm     .    (no cloak)
rCorr   .          Rampage  .    (no gloves)
Will    .....                    (no boots)
Stlth   +                        (no amulet)
HPRegen 0.23/turn                (no ring)
MPRegen 0.09/turn                (no ring)

@: no status effects
A: horns 1
a: no special abilities


You were on level 1 of the Dungeon.
You visited 1 branch of the dungeon, and saw 1 of its levels.

You collected 39 gold pieces.

Inventory:

Hand Weapons
 a - a +0 spear (weapon)
Armour
 b - a +0 leather armour (worn)
Scrolls
 c - a scroll of fog {unknown}
 e - a scroll of amnesia {unknown}
Potions
 d - a potion of curing {unknown}


   Skills:
 + Level 2.2 Fighting
 - Level 2.6 Polearms
 + Level 2.0 Dodging
 - Level 2.0 Spellcasting
 - Level 3.0 Conjurations
 + Level 0.6 Necromancy
 + Level 0.5 Earth Magic


You had 4 spell levels left.
You knew the following spells:

 Your Spells              Type           Power      Damage    Failure   Level
a - Kiss of Death         Conj/Necr      24%        2d7       14%         1

Your spell library contained the following spells:

 Spells                   Type           Power      Damage    Failure   Level
 Momentum Strike          Conj/Tloc      10%        3d8       24%         2
 Hailstorm                Conj/Ice       5%         3d4       43%         3


Dungeon Overview and Level Annotations

Branches:
Dungeon (1/15)

Altars:


Innate Abilities, Weirdness & Mutations

You have a pair of small horns on your head.


Message History

The bat hits you. The bat misses you.
You closely miss the bat. The bat hits you but does no damage. x2
You completely miss the bat. The bat completely misses you.
You hit the bat.
You kill the bat!
Things that are here:
a bat corpse; a giant cockroach corpse
There is an open door here.
d - a green potion You open the door.
There is an open door here.
You now have 23 gold pieces (gained 11).
A hobgoblin comes into view.
The hobgoblin hits you.
You closely miss the hobgoblin. The hobgoblin closely misses you.
You closely miss the hobgoblin. The hobgoblin barely misses you.
You hit the hobgoblin.
You kill the hobgoblin!
HP restored.
e - a scroll labelled BUABUG SICUSS You open the door.
There is an open door here.
Found a stone staircase leading down.
You now have 39 gold pieces (gained 16).
An endoplasm comes into view.
The endoplasm quivers.
You barely miss the endoplasm. The endoplasm misses you.
You hit the endoplasm but do no damage. The endoplasm freezes you.
You are frozen.
You hit the endoplasm.
The endoplasm is severely wounded.
The endoplasm misses you.
You hit the endoplasm.
You kill the endoplasm!
Your Dodging skill increases to level 2!
You have reached level 2!
Your demonic ancestry asserts itself...
A pair of horns grows on your head!
Are you sure you want to abandon this character and quit the game? (Confirm with "yes".)

#.#### ##.....##
#.##.## ##.......##
###.#...####.........#
...........'.........+
###.#...####.........#
#.##.## ##.......#
#.#### ##.#.#.#.## #.#
##.......# ...
##@#.#.## #.#
#.......# #.#
##.#.#.#.. ...>....
#.# #.### ... ## ...
#.#


There were no monsters in sight!

Vanquished Creatures
  A bat (D:1)
  An endoplasm (D:1)
  2 giant cockroaches (D:1)
  A goblin (D:1)
  A hobgoblin (D:1)
6 creatures vanquished.

Notes
Turn   | Place    | Note
-------+----------+-------------------------------------------
     0 | D:1      | Shayle the Demonspawn Reaver began the quest for the Orb.
     0 | D:1      | Reached XP level 1. HP: 16/16 MP: 3/3
   165 | D:1      | Gained mutation: You have a pair of small horns on your
                  | head. [demonic ancestry]
   165 | D:1      | Reached XP level 2. HP: 20/22 MP: 5/5
   165 | D:1      | Quit the game

Illustrated notes

Levels and vault maps discovered:
D:1:      minmay_arrival_glassed_features, layout_loops_corners, st_stairs_8

Skill      XL: |  1 |
---------------+----+-----
Dodging        | 2 |  2.0
Fighting       | |  2.2
Polearms       | |  2.6
Spellcasting   | |  2.0
Conjurations   | |  3.0
Necromancy     | |  0.6
Earth Magic    | |  0.5

Action                   || total
-------------------------++-------
Melee: Spear             ||    19
       Punch             ||     1
Armor: Leather armour    ||     4
Dodge: Dodged            ||    13

Table legend: (Time is in decaauts)
 A = Elapsed time spent in this place.
 B = Non-inter-level travel time spent in this place.
 C = Inter-level travel time spent in this place.
 D = Time resting spent in this place.
 E = Time spent auto-exploring this place.
 F = Levels seen in this place.
 G = Mean time per level.
                   A        B        C        D        E       F      G
               +--------+--------+--------+--------+--------+-----+--------+
         Total |    164 |    164 |      0 |      0 |    116 |   1 |  164.0 |
       Dungeon |    164 |    164 |      0 |      0 |    116 |   1 |  164.0 |
               +--------+--------+--------+--------+--------+-----+--------+

Top non-repeatable levels by time:
     D:1: 164 daAuts
